 Dungeon Crawl Stone Soup version 0.31-a0-538-gbc85326fa9 (webtiles) character file.

Game seed: 5421158486615224104

110502 Shayle the Fighter (level 16, 0/178 HPs)
             Began as an Ogre Shapeshifter on Aug 13, 2023.
             Was a Priest of Ashenzari.
             Slain by a six-headed hydra (10 damage)
             ... on level 15 of the Dungeon on Aug 14, 2023.
             The game lasted 01:59:26 (46987 turns).

Shayle the Fighter (Ogre Shapeshifter)             Turns: 46987, Time: 01:59:28

Health: 0/178      AC: 15    Str: 23    XL:     16   Next: 55%
Magic:  20/31      EV:  9    Int: 15    God:    Ashenzari [***...]
Gold:   468        SH:  5    Dex:  9    Spells: 17/38 levels left

rFire   . .          .
                       - Unarmed
rCold   . . .        (no shield)
rNeg    . . .        t - +1 steam dragon scales
rPois   .            P - +2 hat "Sorrow of Ashenzari" {SInv, Elem, Bglg} (curse)
rElec   .            e - +1 cloak
rCorr   .            (gloves unavailable)
SInv    +            (boots unavailable)
Will    +....        s - amulet of Ashenzari's Sorrow {Reflect SH+5, Alch, Comp} (curse)
Stlth   +            n - ring "Fallacy of Ashenzari" {Slay+4, Dev, Self} (curse)
HPRegen 0.49/turn    z - ring "Cursed With Me" {AC+4, Bglg, Dev} (curse)
MPRegen 0.22/turn

%: reflection, clarity
@: studying Unarmed Combat
A: large, unfitting armour, tough skin 1
a: Renounce Religion, Curse Item, Shatter the Chains


You were on level 15 of the Dungeon.
You worshipped Ashenzari.
Ashenzari was most pleased with you.
You visited 4 branches of the dungeon, and saw 23 of its levels.
You also visited: Ossuary and Volcano.

You collected 2396 gold pieces.
You spent 1928 gold pieces at shops.

Inventory:

Hand Weapons
 a - a +2 giant spiked club
 j - a +6 scimitar
 H - the +5 hand axe "Zoqe" {spect, Contam +Blink rPois Int-5}
   (You found it on level 2 of the Lair of Beasts)

   Int-5:     It affects your intelligence (-5).
   rPois:     It protects you from poison +Blink: It lets you blink.
   Contam:    It causes magical contamination when unequipped.
 I - the +10 quarterstaff of Uskayaw, Devouring {speed, Fly rElec rN+ Will+ MP-9}
   (You found it on level 12 of the Dungeon)

   rElec:     It insulates you from electricity.
   rN+:       It protects you from negative energy.
   Will+:     It increases your willpower.
   MP-9:      It affects your magic capacity (-9).
   Fly:       It grants you flight.
Missiles
 f - 31 large rocks
 B - 5 curare-tipped darts (quivered)
Armour
 e - a +1 cloak (worn)
 t - +1 steam dragon scales (worn)
 N - a +2 robe of fire resistance
 P - the cursed +2 hat "Sorrow of Ashenzari" (worn) {SInv, Elem, Bglg}
   (You took it off Gastronok on level 2 of the Lair of Beasts)

   It has a curse which improves the following skills: Elements: Fire Magic, Ice
   Magic, Air Magic and Earth Magic.
   Beguiling: Conjurations, Hexes and Translocations.
Jewellery
 n - the cursed ring "Fallacy of Ashenzari" (left hand) {Slay+4, Dev, Self}
   (You found it on level 4 of the Dungeon)

   [ring of slaying]

   Slay+4:    It affects your accuracy & damage with ranged weapons and melee
   (+4).
   It has a curse which improves the following skills: Devices: Evocations and
   Shapeshifting.
   Introspection: Fighting and Spellcasting.
 s - the cursed amulet of Ashenzari's Sorrow (around neck) {Reflect SH+5, Alch, Comp}
   (You bought it in a shop on level 6 of the Dungeon)

   [amulet of reflection]

   Reflect:   It reflects blocked missile attacks.
   SH+5:      It affects your SH (+5).
   It has a curse which improves the following skills: Alchemy: Poison Magic and
   Transmutations.
   Companions: Summonings and Necromancy.
 w - a +5 ring of evasion
 z - the cursed ring "Cursed With Me" (right hand) {AC+4, Bglg, Dev}
   (You found it on level 11 of the Dungeon)

   [ring of protection]

   AC+4:      It affects your AC (+4).
   It has a curse which improves the following skills: Beguiling: Conjurations,
   Hexes and Translocations.
   Devices:   Evocations and Shapeshifting.
 J - a +6 ring of strength
 K - a +4 ring of slaying
Talismans
 c - a beast talisman
 d - a flux talisman
Wands
 x - a wand of flame (43)
 y - a wand of polymorph (9)
 O - a wand of acid (6)
 T - a wand of mindburst (13)
Scrolls
 g - a scroll of immolation
 E - a scroll of silence
 G - a scroll of amnesia
 L - a scroll of revelation
 R - a scroll of fog
Potions
 b - 4 potions of lignification
 h - a potion of magic
 i - 6 potions of attraction
 k - 6 potions of curing
 m - 4 potions of cancellation
 o - 4 potions of mutation
 q - 2 potions of ambrosia
 r - 8 potions of might
 u - 3 potions of enlightenment
 v - 3 potions of resistance
 A - 4 potions of brilliance
 C - 2 potions of berserk rage
 Q - a potion of heal wounds
 U - a potion of haste
Miscellaneous
 M - a condenser vane


   Skills:
 - Level 14.3(15.7) Fighting
 - Level 1.7 Dodging
 + Level 12.5 Unarmed Combat
 - Level 10.0(11.5) Spellcasting
 - Level 7.1(9.4) Conjurations
 + Level 8.6(10.1) Necromancy
 - Level 7.1(9.4) Translocations
 - Level 8.2(9.7) Fire Magic
 + Level 8.5(10.0) Earth Magic
 + Level 10.8(13.0) Shapeshifting


You had 17 spell levels left.
You knew the following spells:

 Your Spells              Type           Power      Damage    Failure   Level
a - Blink                 Tloc           72%        N/A       1%          2
b - Manifold Assault      Tloc           36%        N/A       1%          4
c - Fireball              Conj/Fire      18%        3d9       4%          5
d - Olgreb's Toxic Radia  Pois           9%         N/A       61%         4
e - Leda's Unmaking       Conj/Erth      18%        9d4       24%         6

Your spell library contained the following spells:

 Spells                   Type           Power      Damage    Failure   Level
 Magic Dart               Conj           100%       1d8       1%          1
 Lesser Beckoning         Tloc           72%        N/A       1%          2
 Momentum Strike          Conj/Tloc      72%        3d10      1%          2
 Searing Ray              Conj           72%        2d7       1%          2
 Dispel Undead            Necr           39%        3d16      1%          4
 Cigotuvi's Dreadful Rot  Necr/Pois/Air  38%        N/A       3%          2
 Dazzling Flash           Conj/Hex       46%        N/A       3%          3
 Agony                    Necr           39%        N/A       3%          5
 Lee's Rapid Deconstruct  Erth           19%        3d11*     3%          5
 Sting                    Tmut/Pois      36%        1d4       8%          1
 Leda's Liquefaction      Hex/Erth       12%        N/A       10%         4
 Poisonous Vapours        Pois/Air       18%        N/A       12%         2
 Fulminant Prism          Conj/Hex       11%        3d9       12%         4
 Death Channel            Necr           19%        N/A       21%         6
 Cause Fear               Hex            4%         N/A       58%         4
 Silence                  Hex/Air        4%         N/A       91%         5
 Dragon's Call            Summ           4%         N/A       100%        9


Dungeon Overview and Level Annotations

Branches:
Dungeon (15/15)            Temple (1/1) D:5            Lair (5/5) D:8
 Shoals (0/4) Lair:2        Snake (0/4) Lair:2        Slime (0/5) Lair:5
    Orc (2/2) D:11            Elf (0/3) Orc:2        Vaults (0/5) D:13
 Depths (0/4) D:15        Ossuary (visited)         Volcano (visited)

Altars:
Ashenzari
Cheibriados
Dithmenos
Elyvilon
Fedhas
Gozag
Hepliaklqana
Kikubaaqudgha
Makhleb
Nemelex Xobeh
Qazlal
Ru
Sif Muna
Trog
Uskayaw
Vehumet
Wu Jian
Xom
Yredelemnul
Zin
The Shining One

Shops:
D:6 =   D:7 :   D:8 =   Orc:2 ![((

Annotations:
D:4 3 runed translucent doors, bobarctor's ghost, weakling DsIE
D:15 Louise


Innate Abilities, Weirdness & Mutations

You are too large for most types of armour.
You have tough skin. (AC +1)


Message History

* * * LOW HITPOINT WARNING * * *
Casting: Manifold Assault (mildly dangerous; 1% risk of failure)
Confirm with . or Enter, or press ? or * to list all spells.
Space momentarily warps into an impossible shape!
You hit Louise. The six-headed hydra bites you!
* * * LOW HITPOINT WARNING * * *
The six-headed hydra barely misses you. x2; The six-headed hydra bites you.
* * * LOW HITPOINT WARNING * * *
You block the six-headed hydra's attack.
The six-headed hydra bites you but does no damage.
Louise hits you from afar with a +4 trident of freezing.
* * * LOW HITPOINT WARNING * * *
Louise freezes you.
* * * LOW HITPOINT WARNING * * *
Okay, then.
Okay, then.
Okay, then.
Okay, then.
Okay, then.
You feel much better.
The six-headed hydra bites you but does no damage.
The six-headed hydra bites you.
* * * LOW HITPOINT WARNING * * *
The six-headed hydra closely misses you.
The six-headed hydra bites you but does no damage.
The six-headed hydra completely misses you.
The six-headed hydra bites you but does no damage.
Louise hits you from afar with a +4 trident of freezing!!
* * * LOW HITPOINT WARNING * * *
Louise freezes you.
* * * LOW HITPOINT WARNING * * *
Unknown command.
The six-headed hydra attacks as you move away!
The six-headed hydra bites you!
* * * LOW HITPOINT WARNING * * *
The six-headed hydra bites you but does no damage.
The six-headed hydra barely misses you.
The six-headed hydra bites you but does no damage.
The six-headed hydra bites you!
You die...

................#
............###.#
..........#.# #.#
..........#.# #.#
........).#.# #.#
#..#...##.#.# #.#
#......##.#.# #.#
.....)......#
#.#####
.....##.....#
#.@D@.# .....#
.....# #####.#
.....# .....#
ยง.# ....)#
.....# ,..#
.<...# .....# ..#
#.#### #### ###
#.# #.# #.#


You could see Louise (corroded) and a six-headed hydra (corroded).

Vanquished Creatures
  Gastronok (Lair:2)
  A shadow dragon (D:12)
  A tengu reaver (D:12)
  An ironbound preserver (D:13)
  2 dire elephants (Lair:2)
  A bunyip (shapeshifter) (D:13)
  Nessos (D:15)
  Josephine (D:14)
  A hydra (shapeshifter) (D:12)
  4 hydras
  6 centaur warriors
  A catoblepas (Lair:5)
  2 dancing weapons
  A tengu warrior (D:13)
  9 two-headed ogres
  6 boulder beetles
  7 death yaks
  2 skysharks (Lair:2)
  Amaemon (D:8)
  6 wizards
  An orc knight (Orc:2)
  A lindwurm (shapeshifter) (D:12)
  3 ugly things
  5 deep elf pyromancers
  A salamander (Lair:2)
  9 orc sorcerers
  8 cyclopes
  3 manticores (D:12)
  5 toenail golems (Volcano)
  19 elephants
  A black mamba (shapeshifter) (D:13)
  A water nymph (Lair:2)
  7 black mambas
  10 cane toads
  3 gargoyles (D:12)
  An orange demon (D:9)
  A torpor snail (Lair:4)
  4 kobold demonologists (D:12)
  An efreet (D:12)
  5 rime drakes
  21 komodo dragons
  2 tengu conjurers
  A freezing wraith (D:14)
  7 polar bears
  10 trolls
  5 hornets
  26 blink frogs
  7 dream sheep (Lair:5)
  16 slime creatures
  2 vampires (D:12)
  4 shadows
  13 spriggans
  A water elemental (D:12)
  4 wyverns
  Eustachio (D:4)
  10 wraiths
  33 yaks
  7 vampire mosquitoes
  3 basilisks
  6 steam dragons
  8 wargs
  4 acid dragons
  15 water moccasins
  22 orc warriors
  4 sky beasts
  5 black bears
  3 boggarts (Lair:5)
  An ice beast (D:5)
  38 wolves
  9 ogres
  5 centaurs
  2 phantoms
  4 kobold brigands
  11 bullfrogs
  3 gnoll sergeants (D:11)
  2 scorpions
  17 wights
  13 killer bees
  5 howler monkeys
  6 electric eels
  2 hounds (D:5)
  7 jellies
  2 lava snakes (Lair:2)
  8 orc priests
  2 iguanas
  2 sleepcaps
  Natasha (thrice) (D:4)
  38 orc wizards
  8 mummies (Ossuary)
  7 gnolls
  5 adders
  A shadow imp (D:6)
  An ufetubus (D:6)
  3 worms
  2 dart slugs
  70 orcs
  3 ball pythons
  6 endoplasms
  3 giant cockroaches
  3 gnoll zombies (Ossuary)
  9 goblins
  2 hobgoblins
  6 jackals
  13 kobolds
  7 quokkas
  5 bats
  3 frilled lizards
  3 hobgoblin zombies (Ossuary)
  A kobold zombie (Ossuary)
  An orc zombie (Ossuary)
  10 rats
736 creatures vanquished.

Notes
Turn   | Place    | Note
-------+----------+-------------------------------------------
     0 | D:1      | Shayle the Ogre Shapeshifter began the quest for the Orb.
     0 | D:1      | Reached XP level 1. HP: 19/19 MP: 1/1
    62 | D:1      | Reached skill level 1 in Spellcasting
    65 | D:1      | Reached XP level 2. HP: 27/27 MP: 3/3
   469 | D:1      | Reached XP level 3. HP: 31/33 MP: 5/5
  1477 | D:2      | Reached XP level 4. HP: 29/41 MP: 6/8
  2347 | D:3      | Reached XP level 5. HP: 38/48 MP: 9/9
  2701 | D:4      | Noticed Natasha
  2929 | D:4      | Killed Natasha
  2955 | D:4      | Found a runed translucent gate.
  2959 | D:4      | Found a runed translucent gate.
  2959 | D:4      | Noticed bobarctor's ghost (weakling DsIE)
  2959 | D:4      | Noticed a kobold brigand
  2960 | D:4      | Found a runed translucent gate.
  2967 | D:4      | Noticed Natasha
  2975 | D:4      | Killed Natasha
  3059 | D:4      | Noticed Eustachio
  3071 | D:4      | Killed Eustachio
  3072 | D:4      | Reached XP level 6. HP: 49/55 MP: 10/13
  3107 | D:4      | Noticed a black bear
  3107 | D:4      | Noticed a black bear
  3123 | D:4      | Killed a black bear
  3124 | D:4      | Reached skill level 5 in Unarmed Combat
  3124 | D:4      | Reached skill level 5 in Spellcasting
  3160 | D:4      | Killed a black bear
  3161 | D:4      | Reached XP level 7. HP: 55/62 MP: 13/15
  3256 | D:4      | Found a shadowy altar of Dithmenos.
  3256 | D:4      | Found a radiant altar of Vehumet.
  3414 | D:4      | Noticed Natasha
  3423 | D:4      | Killed Natasha
  3495 | D:5      | Entered Level 5 of the Dungeon
  3570 | D:5      | Found a sand-covered staircase.
  3579 | Ossuary  | Entered an ossuary
  3611 | Ossuary  | Learned a level 2 spell: Blink
  3716 | Ossuary  | HP: 3/62 [mummy (19)]
  4315 | D:5      | Reached XP level 8. HP: 24/70 MP: 16/18
  4759 | D:5      | Found a staircase to the Ecumenical Temple.
  4769 | Temple   | Entered the Ecumenical Temple
  4773 | Temple   | Became a worshipper of Ashenzari the Shackled
  5753 | D:5      | Reached skill level 2 in Fighting
  5758 | D:5      | Reached skill level 1 in Translocations
  5922 | D:6      | Reached skill level 3 in Fighting
  6355 | D:6      | Reached skill level 4 in Fighting
  6453 | D:6      | Found Koewk's Jewellery Shoppe.
  6463 | D:6      | Bought an amulet of reflection for 360 gold pieces
  6556 | D:6      | Reached XP level 9. HP: 82/84 MP: 19/19
  6592 | D:6      | Reached skill level 5 in Fighting
  7829 | D:7      | Found Hawkoupt's Book Shoppe.
  7844 | D:7      | Learned a level 4 spell: Manifold Assault
  7973 | D:7      | Reached skill level 6 in Fighting
  8318 | D:7      | Learned a level 5 spell: Fireball
  8883 | D:7      | Found a blossoming altar of Fedhas.
  9049 | D:8      | You fall into a shaft and drop 3 floors!
  9212 | D:10     | Entered Level 10 of the Dungeon
  9214 | D:10     | Noticed a two-headed ogre
  9227 | D:10     | Killed a two-headed ogre
  9228 | D:10     | Reached skill level 7 in Fighting
  9228 | D:10     | Reached skill level 5 in Translocations
  9228 | D:10     | Reached XP level 10. HP: 102/102 MP: 2/20
  9332 | D:10     | Found a sacrificial altar of Ru.
  9400 | D:8      | Noticed Amaemon
  9400 | D:8      | Noticed an orange demon
  9624 | D:8      | Noticed a death yak
 10107 | D:8      | Found Jaacuasch's Jewellery Shop.
 10118 | D:8      | Found a basalt altar of Yredelemnul.
 10208 | D:8      | Noticed a death yak
 10208 | D:8      | Noticed a death yak
 10550 | D:9      | Reached skill level 8 in Fighting
 11587 | D:10     | Noticed a two-headed ogre
 11596 | D:10     | Killed a two-headed ogre
 11597 | D:10     | Reached skill level 9 in Fighting
 12447 | D:10     | Reached XP level 11. HP: 115/115 MP: 21/21
 13541 | D:11     | Noticed a two-headed ogre
 13552 | D:11     | Killed a two-headed ogre
 13553 | D:11     | Reached skill level 10 in Fighting
 13553 | D:11     | Reached skill level 5 in Fire Magic
 13913 | D:11     | Found a staircase to the Orcish Mines.
 14219 | D:11     | Reached * piety under Ashenzari
 14872 | D:12     | Reached skill level 10 in Unarmed Combat
 14940 | D:12     | Noticed a deep elf pyromancer
 14953 | D:12     | Killed a deep elf pyromancer
 14968 | D:12     | Reached skill level 1 in Conjurations
 15352 | D:12     | Noticed a boulder beetle
 15378 | D:12     | Noticed a manticore
 15388 | D:12     | Killed a manticore
 15653 | D:12     | Upgraded the game from 0.31-a0-532-g28f74ba3e5 to
                  | 0.31-a0-538-gbc85326fa9
 15689 | D:12     | Noticed a moth of wrath
 15933 | D:12     | Found a bloodstained altar of Trog.
 16090 | D:12     | Noticed a two-headed ogre
 16097 | D:12     | Killed a two-headed ogre
 16543 | D:12     | Reached ** piety under Ashenzari
 16913 | D:12     | Noticed a two-headed ogre
 16922 | D:12     | Killed a two-headed ogre
 16923 | D:12     | Reached skill level 11 in Fighting
 16923 | D:12     | Reached XP level 12. HP: 110/132 MP: 4/24
 17221 | D:13     | Noticed a centaur warrior
 17236 | D:13     | Killed a centaur warrior
 17501 | D:13     | Noticed a tengu warrior
 17518 | D:13     | Identified the +1 ring mail of the Great Game {Str+4}
 17748 | D:13     | Killed a tengu warrior
 18224 | D:13     | Noticed a boulder beetle
 18576 | D:13     | Noticed a centaur warrior
 18580 | D:13     | Killed a centaur warrior
 18859 | D:14     | Noticed an eight-headed hydra
 18864 | D:14     | Killed an eight-headed hydra
 19118 | D:13     | Noticed a centaur warrior
 19129 | D:13     | Killed a centaur warrior
 19130 | D:13     | Reached skill level 12 in Fighting
 19130 | D:13     | Reached skill level 5 in Shapeshifting
 19366 | D:13     | Found a gate to the Vaults.
 19366 | D:13     | Noticed an ironbound preserver
 19366 | D:13     | Noticed a boulder beetle
 19367 | D:13     | Noticed a boulder beetle
 20017 | D:12     | Identified the +10 quarterstaff of Uskayaw, Devouring
                  | {speed, Fly rElec rN+ Will+ MP-9}
 20092 | D:12     | Killed a boulder beetle
 20399 | D:13     | Noticed a bunyip
 20406 | D:13     | Killed a bunyip
 20407 | D:13     | Reached XP level 13. HP: 85/144 MP: 9/26
 20803 | D:12     | Reached skill level 5 in Conjurations
 21042 | D:12     | HP: 7/145 [shock serpent (glowing shapeshifter)/electric
                  | aura (11)]
 21548 | D:12     | Reached skill level 13 in Fighting
 22148 | D:12     | Identified the +2 pair of boots "Fazalenn" {Harm rF+ Int-2
                  | Dex+2}
 22525 | D:8      | Killed Amaemon
 23045 | D:8      | Found a staircase to the Lair.
 23054 | Lair:1   | Entered Level 1 of the Lair of Beasts
 24857 | Lair:1   | Reached XP level 14. HP: 157/157 MP: 23/28
 25299 | Lair:2   | Noticed Gastronok
 25318 | Lair:2   | Killed Gastronok
 25319 | Lair:2   | Reached skill level 14 in Fighting
 26208 | Lair:2   | Reached *** piety under Ashenzari
 26287 | Lair:2   | Reached skill level 10 in Spellcasting
 26964 | Lair:2   | Noticed a dire elephant
 26964 | Lair:2   | Noticed a dire elephant
 26964 | Lair:2   | Identified the +5 hand axe "Zoqe" {spect, Contam +Blink
                  | rPois Int-5}
 26986 | Lair:2   | Found a runed translucent door.
 27279 | Lair:2   | Killed a dire elephant
 27481 | Lair:2   | Killed a dire elephant
 27482 | Lair:2   | Reached skill level 1 in Necromancy
 27482 | Lair:2   | Reached skill level 1 in Earth Magic
 27831 | Lair:2   | Found a staircase to the Snake Pit.
 28400 | Lair:3   | Found a dark tunnel.
 28596 | Volcano  | Entered a volcano
 28715 | Volcano  | Learned a level 4 spell: Olgreb's Toxic Radiance
 31256 | Lair:4   | Learned a level 6 spell: Leda's Unmaking
 31300 | Lair:4   | Reached XP level 15. HP: 169/169 MP: 28/30
 32961 | Lair:5   | Entered Level 5 of the Lair of Beasts
 33246 | Lair:5   | Reached skill level 5 in Earth Magic
 33252 | Lair:5   | Reached skill level 5 in Necromancy
 33711 | Lair:5   | Found a staircase to the Slime Pits.
 38898 | Orc:1    | Entered Level 1 of the Orcish Mines
 39196 | Orc:2    | Entered Level 2 of the Orcish Mines
 39725 | Orc:2    | Found Etiatrea's Distillery.
 39725 | Orc:2    | Found Xaosag's Antique Armour Shop.
 39855 | Orc:2    | Paralysed by an orc sorcerer for 3 turns
 40308 | Orc:2    | Reached skill level 10 in Shapeshifting
 40716 | Orc:2    | Reached XP level 16. HP: 173/173 MP: 7/31
 41414 | Orc:2    | Found Xilourgh's Weapon Shop.
 41414 | Orc:2    | Found Zaedd's Weapon Emporium.
 41418 | Orc:2    | Found a staircase to the Elven Halls.
 41468 | Orc:2    | Bought 2 potions of curing for 84 gold pieces
 41468 | Orc:2    | Bought a potion of curing for 42 gold pieces
 41468 | Orc:2    | Bought a potion of curing for 42 gold pieces
 41468 | Orc:2    | Bought a potion of heal wounds for 70 gold pieces
 41468 | Orc:2    | Bought a potion of curing for 42 gold pieces
 41468 | Orc:2    | Bought a potion of ambrosia for 112 gold pieces
 41468 | Orc:2    | Bought a potion of might for 56 gold pieces
 42456 | D:12     | Noticed a shadow dragon
 42456 | D:12     | Noticed a tengu reaver
 42461 | D:12     | Killed a tengu reaver
 42466 | D:12     | Killed a shadow dragon
 45104 | D:7      | Bought a manual of Unarmed Combat for 1120 gold pieces
 45440 | D:14     | Noticed Josephine
 45451 | D:14     | Killed Josephine
 46654 | D:15     | Entered Level 15 of the Dungeon
 46659 | D:15     | Found a staircase to the Depths.
 46817 | D:15     | Noticed Nessos
 46825 | D:15     | Killed Nessos
 46975 | D:15     | Noticed Louise
 46987 | D:15     | Slain by a six-headed hydra

Illustrated notes

Levels and vault maps discovered:
D:1:      roderic_chinese_lattice_arrival, layout_basic, serial_aquarium,
          aquarium_bridge_straight [aquarium_subvault_bridge,
          aquarium_subvault_window, aquarium_subvault_bridge,
          aquarium_subvault_wall], aquarium_bridge_straight
          [aquarium_subvault_bridge, aquarium_subvault_window,
          aquarium_subvault_bridge, aquarium_subvault_window],
          aquarium_window_1, aquarium_window_corridor_3, aquarium_view_2f,
          st_stairs_7, minmay_misc_feat_square
D:2:      layout_basic
D:3:      layout_loops_ring, minmay_misc_feat_cross, hangedman_decor_slide_cut
D:4:      layout_gridville, nicolae_overflow_hidden_temple,
          grunt_temple_overflow_open, gammafunk_ghost_nasty_kobolds,
          uniq_natasha, uniq_eustachio
D:5:      layout_basic, minmay_temple_entry_grid,
          nicolae_ossuary_entry_monument, cheibrodos_gnoll_hut
D:6:      layout_basic, minmay_shop_enchanted_jewellery,
          chequers_serial_rivers_small_3
D:7:      layout_rooms, lemuel_coloured_pillars_altar, serial_shops, shop
D:8:      layout_layer_cave, yredelemnul_altar_generic, dpeg_lair_monsters,
          serial_shops, nicolae_shop_rolling_square, eino_jars, uniq_amaemon
D:9:      layout_roguey
D:10:     cheibrodos_steamvent, layout_long_grid, hangedman_ru_absence,
          kennysheep_opposing_triangles
D:11:     layout_roguey, kennysheep_orc_monster_closet_entryway,
          amcnicky_mini_corridor_feature
D:12:     nzn_winding_woodlands_huge [nzn_winding_woodlands_5x15_zeroes,
          nzn_winding_woodlands_5x15_lazy_stream,
          nzn_winding_woodlands_5x15_sidewinder,
          nzn_winding_woodlands_5x15_crooked, nzn_winding_woodlands_5x15_jagged,
          nzn_winding_woodlands_5x15_cabin, nzn_winding_woodlands_5x15_eye,
          nzn_winding_woodlands_5x15_concentric,
          nzn_winding_woodlands_5x15_sawtooth,
          nzn_winding_woodlands_5x15_parted,
          nzn_winding_woodlands_center_triple_pond,
          nzn_winding_woodlands_center_garden,
          nzn_winding_woodlands_15x15_killbox], layout_layer_cave, tgw_trog
D:13:     layout_irregular_city, skrybe_vaults_entry_preservation
D:14:     layout_basic, serial_corexii_hall, chequers_hall_statues_y,
          corexii_hall_statues_t, corexii_hall_statues_s,
          chequers_hall_statues_corner_a, uniq_josephine
D:15:     grunt_enter_depths_giant_problem, layout_loops_cross,
          dreamdust_mushroom_princess, uniq_nessos, uniq_agnes, uniq_louise
Temple:   nicolae_temple_x_marks_the_god
Lair:1:   layout_roguey, special_room, st_stairs_10, infiniplex_staircase_pool_2
Lair:2:   gammafunk_lair_enchanted_lake, layout_regular_city,
          nicolae_shoals_entry_flooding, nicolae_snake_entry_warm_welcome,
          uniq_gastronok
Lair:3:   layout_layer_cave, nicolae_volcano_entry_s_turn,
          chequers_serial_rivers_small_3, serial_bayou_shore_b,
          lemuel_fruit_tree
Lair:4:   layout_loops_ring, beast_lair_carwin_8, grunt_megastairs_2
Lair:5:   minmay_lair_end_enchanted_forest, layout_misc_corridors,
          nicolae_slime_entry_slimehenge, serial_forest,
          infiniplex_forest_clump_small, infiniplex_forest_clump_curved,
          infiniplex_forest_lined_corner, infiniplex_forest_straight_5,
          infiniplex_forest_clump_double, infiniplex_forest_lined_2,
          infiniplex_forest_lined_3, infiniplex_forest_lined_room_
Orc:1:    layout_caves
Orc:2:    st_orc_town, layout_caves

Skill      XL: |  1  2  3  4  5  6  7  8  9 10 11 12 13 14 15 16 |
---------------+-------------------------------------------------+-----
Spellcasting   | 1 2 3 4 5 6 7 9 10 | 10.0
Unarmed Combat | 3 4 5 6 7 8 9 10 11 12 | 12.5
Fighting       | 4 7 9 11 12 13 14 | 14.3
Translocations | 2 5 6 7 |  7.1
Fire Magic     | 2 4 6 7 8 |  8.2
Conjurations   | 2 4 6 7 |  7.1
Shapeshifting  | 5 6 8 10 | 10.8
Necromancy     | 3 7 8 |  8.6
Earth Magic    | 4 7 8 |  8.5
Dodging        | |  1.7

Action                     |  1- 3 |  4- 6 |  7- 9 | 10-12 | 13-15 | 16-18 || total
---------------------------+-------+-------+-------+-------+-------+-------++-------
  Melee: Unarmed           |   117 |    85 |   333 |   584 |  1598 |   346 ||  3063
         Punch             |       |     4 |    14 |    32 |   101 |    31 ||   182
         Scimitar          |       |       |    49 |       |       |       ||    49
  Throw: Dart              |       |       |       |     2 |     6 |       ||     8
   Cast: Manifold Assault  |       |       |    15 |   137 |   532 |   125 ||   809
         Blink             |       |       |     1 |     4 |     3 |     3 ||    11
         Fireball          |       |       |       |       |    29 |       ||    29
 Invoke: Curse Item        |       |       |       |     3 |     1 |       ||     4
Ability: Begin Untransform |       |       |       |       |     1 |       ||     1
  Evoke: Wand              |       |    11 |     5 |     5 |    16 |     3 ||    40
         Condenser vane    |       |       |       |       |     2 |       ||     2
    Use: Potion            |       |     1 |     8 |     8 |     2 |     7 ||    26
         Scroll            |       |       |    16 |    10 |     7 |     2 ||    35
   Stab: Paralysed         |       |    18 |       |       |       |       ||    18
         Sleeping          |       |     1 |     1 |       |     1 |       ||     3
         Invisible         |       |       |     1 |       |       |       ||     1
         Distracted        |       |       |       |       |     1 |       ||     1
         Confused          |       |       |       |       |     1 |       ||     1
         Petrified         |       |       |       |       |     1 |       ||     1
 Armour: Animal skin       |    38 |    19 |    61 |       |       |       ||   118
         Steam dragon scal |       |       |     5 |   130 |   173 |    82 ||   390
         Skin              |       |       |       |     7 |       |       ||     7
         Robe              |       |       |       |       |   260 |       ||   260
  Dodge: Dodged            |    50 |    25 |   148 |   154 |   355 |    77 ||   809
  Block: Other             |       |       |    20 |    94 |   181 |    41 ||   336
         Reflection        |       |       |       |     8 |     1 |     1 ||    10

Table legend: (Time is in decaauts)
 A = Elapsed time spent in this place.
 B = Non-inter-level travel time spent in this place.
 C = Inter-level travel time spent in this place.
 D = Time resting spent in this place.
 E = Time spent auto-exploring this place.
 F = Levels seen in this place.
 G = Mean time per level.
                   A        B        C        D        E       F      G
               +--------+--------+--------+--------+--------+-----+--------+
         Total |  46560 |  44684 |   1876 |  19324 |  17041 |  25 | 1862.4 |
       Dungeon |  28550 |  27197 |   1353 |  11421 |  11229 |  15 | 1903.3 |
        Temple |      8 |      8 |      0 |      0 |      0 |   1 |    8.0 |
          Lair |  13945 |  13520 |    425 |   6218 |   4781 |   5 | 2789.0 |
  Orcish Mines |   3052 |   2955 |     97 |   1315 |    898 |   2 | 1526.0 |
       Ossuary |    524 |    524 |      0 |    212 |    111 |   1 |  524.0 |
       Volcano |    478 |    478 |      0 |    158 |     22 |   1 |  478.0 |
               +--------+--------+--------+--------+--------+-----+--------+

Top non-repeatable levels by time:
    D:12: 5107 daAuts
    D:13: 4117 daAuts
  Lair:4: 3333 daAuts
  Lair:2: 2757 daAuts
  Lair:5: 2699 daAuts
  Lair:1: 2665 daAuts
    D:11: 2504 daAuts
  Lair:3: 2490 daAuts
    D:10: 2279 daAuts
    D:14: 2126 daAuts
   Orc:2: 2105 daAuts
     D:5: 2084 daAuts
     D:8: 2048 daAuts
     D:9: 1550 daAuts
     D:6: 1534 daAuts
